 Dungeon Sprint DCSS version 0.27-a0-1119-gbf574a6a6b (webtiles) character file.

Game seed: 1838480246693955681

72 mhtbhm the Firebug (level 4, -2/24 HPs)
             Began as a Deep Elf Fire Elementalist on May 2, 2021.
             Was an Initiate of Vehumet.
             Killed from afar by a deep elf zephyrmancer (26 damage)
             ... with a bolt of lightning
             ... in the Dungeon (Sprint V: "Ziggurat Sprint").
             The game lasted 00:00:36 (113 turns).

mhtbhm the Firebug (Deep Elf Fire Elementalist)      Turns: 113, Time: 00:00:37

Health: -2/24      AC:  5    Str:  5    XL:     4   Next: 7%
Magic:  13/13      EV: 13    Int: 33    God:    Vehumet [......]
Gold:   0          SH:  0    Dex: 15    Spells: 3/14 levels left

rFire    + . .     SeeInvis .   C - +8 lance "Wyrmbane" {slay drac, rPois rF+ rC+ AC+3}
rCold    + . .     Faith    .   (no shield)
rNeg     . . .     Spirit   .   a - +0 robe
rPois    +         Reflect  .   (no helmet)
rElec    .         Harm     .   (no cloak)
rCorr    .         Rampage  .   (no gloves)
Will     .....     NoTele   +   (no boots)
Stlth    ++........             r - amulet of regeneration
HPRegen  1.08/turn              u - +6 ring of intelligence
MPRegen  0.13/turn              v - +6 ring of intelligence

@: no status effects
A: no striking features
a: Renounce Religion


You were in the Dungeon.
You worshipped Vehumet.
Vehumet was noncommittal.
You visited 1 branch

Inventory:

Hand Weapons
 C - the +8 lance "Wyrmbane" (weapon) {slay drac, rPois rF+ rC+ AC+3}
   (You found it in the Dungeon)

   It affects your AC (+3).
   It protects you from fire.
   It protects you from cold.
   It protects you from poison.
Armour
 a - a +0 robe (worn)
Jewellery
 r - an amulet of regeneration (around neck)
 u - a +6 ring of intelligence (left hand)
 v - a +6 ring of intelligence (right hand)
Wands
 y - a wand of mindburst (7)
 z - a wand of iceblast (5)
 A - a wand of acid (7)
Scrolls
 h - 4 scrolls of blinking
 m - 4 scrolls of amnesia
 n - 7 scrolls of fog
 o - a scroll of holy word
 p - 5 scrolls of identify
 q - 2 scrolls of fear
Potions
 b - 2 potions of brilliance
 c - 10 potions of curing
 d - 10 potions of heal wounds
 e - 6 potions of haste
 f - 7 potions of magic
 g - 3 potions of berserk rage
 i - 2 potions of invisibility
 j - 4 potions of resistance
 k - a potion of experience
 l - 5 potions of might
Miscellaneous
 B - a lightning rod (4/4)


   Skills:
 + Level 4.3 Dodging
 - Level 2.4 Stealth
 + Level 5.6 Spellcasting
 + Level 1.7 Conjurations
 + Level 7.4 Fire Magic
 + Level 1.0 Evocations


You had 3 spell levels left.
You knew the following spells:

 Your Spells              Type           Power      Damage    Failure   Level
a - Foxfire               Conj/Fire      100%       2x1d9     1%          1
b - Conjure Flame         Conj/Fire      39%        6-21      1%          3
c - Inner Flame           Hex/Fire       33%        N/A       3%          3
d - Sticky Flame          Conj/Fire      39%        2d6       7%          4

Your spell library contained the following spells:

 Spells                   Type           Power      Damage    Failure   Level
 Fireball                 Conj/Fire      19%        3d9       19%         5


Dungeon Overview and Level Annotations

Branches:
Dungeon (1/1)

Altars:
Ashenzari
Cheibriados
Dithmenos
Elyvilon
Fedhas
Gozag
Hepliaklqana
Kikubaaqudgha
Makhleb
Nemelex Xobeh
Okawaru
Qazlal
Ru
Sif Muna
Trog
Uskayaw
Vehumet
Wu Jian
Xom
Yredelemnul
Zin
The Shining One
Beogh
Jiyva
Lugonu

Annotations:
D 1 transporter


Message History

Memorise Inner Flame, consuming 3 spell levels and leaving 7?
You start memorising the spell.
You continue memorising. x3
You finish memorising.
Spell assigned to 'c'.
This spell is extremely dangerous to cast!
Memorise Sticky Flame, consuming 4 spell levels and leaving 3?
You start memorising the spell.
You continue memorising. x4
You finish memorising.
Spell assigned to 'd'.
r - an amulet of regeneration You start putting on your amulet.
You continue putting on your amulet of regeneration. x5
You finish putting on your amulet of regeneration.
The amulet throbs as it attunes itself to your uninjured body.
r - an amulet of regeneration (around neck)
You start resting.
Magic restored.
There is a transporter here.
Welcome to arena 2.
You enter the transporter and appear at another place.
An air elemental, a deep elf pyromancer and a deep elf zephyrmancer come into view.
The deep elf pyromancer is wielding a +2 vampiric long sword.
The deep elf zephyrmancer points at you and mumbles some strange words.
The bolt of lightning misses you.
The deep elf pyromancer shouts!
Found three items.
Found a transporter.
Unknown command.
Aiming: Iceblast
Press: ? - help, Shift-Dir - straight line, f - deep elf pyromancer
Aim: a deep elf pyromancer, wielding a +2 vampiric long sword and wearing a +0 ring mail The mass of ice explodes!
The iceblast engulfs the deep elf pyromancer!
The deep elf pyromancer is moderately wounded.
The iceblast engulfs the air elemental!
The air elemental is moderately damaged.
The iceblast engulfs the deep elf zephyrmancer!
The deep elf zephyrmancer is moderately wounded.
A vortex of raging winds appears around the air elemental!
The deep elf zephyrmancer gestures at you while chanting.
The bolt of lightning hits you!!
Ouch! That really hurt!
You die...

▓▓▓▓▓▓▓▓▓▓▓▓▓
▓.8©8.▓.8©8.▓
▓.)[e.▓.....▓
▓.Ee..▓...|.▓
▓.....▓.....▓
▓.....▓.....▓
▓.....▓..©..▓
▓..@..▓▓▓▓▓▓▓
▓▓▓▓▓▓▓


You could see a deep elf pyromancer, a deep elf zephyrmancer and an air
elemental.

Vanquished Creatures
  A phantom (D)
  A ball python skeleton (D)
2 creatures vanquished.

Notes
Turn   | Place    | Note
-------+----------+-------------------------------------------
     0 | D        | mhtbhm the Deep Elf Fire Elementalist began the quest for
                  | the Orb.
     0 | D        | Reached XP level 1. HP: 10/10 MP: 6/6
     0 | D        | Found a shimmering blue altar of Sif Muna.
     0 | D        | Found a bloodstained altar of Trog.
     0 | D        | Found a sacrificial altar of Ru.
     0 | D        | Found a stormy altar of Qazlal.
     0 | D        | Found an iron altar of Okawaru.
     1 | D        | Found a sparkling altar of Nemelex Xobeh.
     1 | D        | Found a blossoming altar of Fedhas.
     2 | D        | Found the +6 Majin-Bo {vamp, MP+6 Int+6}
     2 | D        | Found the +9 heavy crossbow "Sniper" {vorpal, Acc+∞ SInv}
     2 | D        | Found the +10 dark maul {vorpal}
     2 | D        | Found the +15 Maxwell's patent armour {-Cast -Tele rElec
                  | Will+ rCorr}
     2 | D        | Found the +18 shield of the Gong {rElec rN+ Will+ EV-5}
     2 | D        | Found the +14 obsidian axe {vorpal, Drain Fly SInv}
     2 | D        | Found the +7 great mace "Firestarter" {inner flame, rF++}
     2 | D        | Found the +6 shillelagh "Devastator" {shatter}
     2 | D        | Found the +11 plutonium sword {Contam Stlth-}
     2 | D        | Found the +8 lance "Wyrmbane" {slay drac, rPois rF+ rC+
                  | AC+3}
     2 | D        | Found the +9 sword of Zonguldrok {reap}
     2 | D        | Found the +13 scythe of Curses {drain, Drain}
     2 | D        | Found the +5 sword of Power {vorpal}
     2 | D        | Found the +7 mace of Variability {chain chaos}
     2 | D        | Found the +7 Singing Sword {vorpal, sonic wave}
     2 | D        | Found the +8 storm bow {elec, penet}
     3 | D        | Found a transporter.
     3 | D        | Found an ancient bone altar of Kikubaaqudgha.
     3 | D        | Found a viscous altar of Jiyva.
     3 | D        | Found a corrupted altar of Lugonu.
     3 | D        | Found a hazy altar of Hepliaklqana.
     3 | D        | Found a burning altar of Makhleb.
     3 | D        | Found an opulent altar of Gozag.
    37 | D        | Became a worshipper of Vehumet
    58 | D        | Entered arena 2.
    58 | D        | Noticed a phantom
    58 | D        | Found a transporter.
    61 | D        | Killed a phantom
    62 | D        | Reached skill level 5 in Spellcasting
    62 | D        | Reached skill level 7 in Fire Magic
    62 | D        | Reached skill level 1 in Evocations
    62 | D        | Reached XP level 2. HP: 15/15 MP: 6/10
    62 | D        | Reached XP level 3. HP: 19/19 MP: 7/12
    62 | D        | Reached XP level 4. HP: 24/24 MP: 7/13
    66 | D        | Learned a level 3 spell: Conjure Flame
    70 | D        | Learned a level 3 spell: Inner Flame
    75 | D        | Learned a level 4 spell: Sticky Flame
   112 | D        | Entered arena 3.
   112 | D        | Noticed an air elemental
   112 | D        | Noticed a deep elf pyromancer
   112 | D        | Noticed a deep elf zephyrmancer
   112 | D        | Found a transporter.
   113 | D        | Killed from afar by a deep elf zephyrmancer

Illustrated notes

Levels and vault maps discovered:
D:        sprint_v [room_start, room_1, room_2, room_3, room_4, room_5, room_6,
          room_7, room_8, room_9, room_10, room_11, room_12, room_13, room_14,
          room_15, room_16, room_17, room_18, room_19, room_20, room_21,
          room_22, room_23, room_24, room_25, room_26, room_27]

Skill      XL: |  1 |
---------------+----+-----
Dodging        | 4 |  4.3
Spellcasting   | 5 |  5.6
Fire Magic     | 7 |  7.4
Evocations     | 1 |  1.0
Stealth        | |  2.4
Conjurations   | |  1.7

Action                   |  1- 3 |  4- 6 || total
-------------------------+-------+-------++-------
Evoke: Lightning rod     |     2 |       ||     2
       Wand              |     1 |     1 ||     2
Dodge: Dodged            |       |     1 ||     1

Table legend: (Time is in decaauts)
 A = Elapsed time spent in this place.
 B = Non-inter-level travel time spent in this place.
 C = Inter-level travel time spent in this place.
 D = Time resting spent in this place.
 E = Time spent auto-exploring this place.
 F = Levels seen in this place.
 G = Mean time per level.
                   A        B        C        D        E       F      G
               +--------+--------+--------+--------+--------+-----+--------+
         Total |    111 |    111 |      0 |     24 |      0 |   1 |  111.0 |
       Dungeon |    111 |    111 |      0 |     24 |      0 |   1 |  111.0 |
               +--------+--------+--------+--------+--------+-----+--------+

Top non-repeatable levels by time:
       D: 111 daAuts
